 Dungeon Crawl Stone Soup version 0.21-a0-279-g6037ffb (webtiles) character file.

98 Kidiri the Magician (level 4, 0/24 HPs)
             Began as a Deep Elf Fire Elementalist on Sept 23, 2017.
             Succumbed to an adder's poison
             ... on level 3 of the Dungeon.
             The game lasted 00:11:42 (2202 turns).

Kidiri the Magician (Deep Elf Fire Elementalist)    Turns: 2202, Time: 00:11:42

Health: 0/24       AC:  3    Str:  5    XL:     4   Next: 44%
Magic:  1/13       EV: 13    Int: 21    God:
Gold:   146        SH:  0    Dex: 15    Spells: 4/13 levels left

rFire    + . .     SeeInvis .   j - +0 dagger
rCold    x . .     Gourm    .   (no shield)
rNeg     . . .     Faith    .   a - +0 robe
rPois    .         Spirit   .   (no helmet)
rElec    .         Reflect  .   m - +0 cloak
rCorr    .         Harm     .   (no gloves)
MR       +....                  (no boots)
Stlth    ++........             (no amulet)
HPRegen  0.08/turn              e - ring of protection from magic
MPRegen  0.13/turn              o - ring of fire

@: lethally poisoned (0 -> -4), hasted, very quick
A: no striking features
a: no special abilities


You were on level 3 of the Dungeon.
You were very hungry.

You visited 1 branch of the dungeon, and saw 3 of its levels.

You collected 146 gold pieces.

Inventory:

Hand Weapons
 j - a +0 dagger (weapon)
Armour
 a - a +0 robe (worn)
 m - a +0 cloak (worn)
Jewellery
 e - a ring of protection from magic (left hand)
 o - a ring of fire (right hand)
Wands
 p - a wand of polymorph (9/24)
Scrolls
 l - a scroll of immolation
Potions
 d - a potion of cancellation
 g - a potion of might {unknown}
 i - 2 potions of flight
Books
 b - a book of Flames

   Spells                             Type                      Level
   a - Flame Tongue                   Conjuration/Fire             1
   b - Throw Flame                    Conjuration/Fire             2
   c - Conjure Flame                  Conjuration/Fire             3
   d - Inner Flame                    Hexes/Fire                   3
   e - Sticky Flame                   Conjuration/Fire             4
   f - Fireball                       Conjuration/Fire             5
Comestibles
 c - 6 bread rations
 h - 2 royal jellies
 n - 2 meat rations
 q - 3 chunks of flesh


   Skills:
 - Level 2.4 Dodging
 - Level 2.4 Stealth
 * Level 5.1 Spellcasting
 + Level 2.2 Conjurations
 + Level 4.0 Fire Magic


You had 4 spell levels left.
You knew the following spells:

 Your Spells              Type           Power        Failure   Level  Hunger
a - Flame Tongue          Conj/Fire      ####.        3%          1    None
b - Throw Flame           Conj/Fire      ####..       4%          2    None
c - Conjure Flame         Conj/Fire      ####....     9%          3    ##.....
d - Inner Flame           Hex/Fire       ###.....     14%         3    ##.....


Dungeon Overview and Level Annotations

Branches:
Dungeon (3/15)

Altars:
Cheibriados


Message History

You kill the hobgoblin!
Robin says, "Feeling lonely?"
Robin laughs in a distinctly smug fashion.
Casting: Flame Tongue
Confirm with . or Enter, or press ? or * to list all spells.
Aiming: Flame Tongue
Press: ? - help, Shift-Dir - straight line, f - Robin
Aim: Robin, wielding a short sword, wearing an animal skin and wearing a helmet (severely wounded)
You feel a surge of power!
The flame tongue hits Robin.
You kill Robin!
Unknown command.
The adder barely misses you.
Found 10 poisoned needles.
The adder bites you.
* * * LOW HITPOINT WARNING * * *
You feel yourself speed up. The adder bites you.
* * * LOW HITPOINT WARNING * * *
You are lethally poisoned!
The adder poisons you!
You die...

#.#.##.........
#.#.##..#######
#.#.###.# #.#.# #.#
#######.#.###.#
#(............#
#.......g)S.#
...###g####..#
#.S.@...#
#####.####..# #.....#
#g.########
#.###.####.........
###.)...S.......
.......###..<....####
.....................
.......##.)>.....##
#.#######.....).##


You could see an adder and a goblin.

Vanquished Creatures
  Jessica (D:3)
  Robin (D:3)
  2 adders
  An ooze (D:1)
  A worm (D:2)
  3 giant cockroaches (D:2)
  11 goblins
  5 hobgoblins
  3 kobolds
  A quokka (D:3)
  A ball python (D:2)
  2 frilled lizards
  3 rats
35 creatures vanquished.

Notes
Turn   | Place    | Note
-------+----------+-------------------------------------------
     0 | D:1      | Kidiri the Deep Elf Fire Elementalist began the quest for the Orb.
     0 | D:1      | Reached XP level 1. HP: 10/10 MP: 6/6
   288 | D:1      | Reached XP level 2. HP: 15/15 MP: 4/8
   292 | D:1      | Learned a level 2 spell: Throw Flame
   931 | D:2      | Reached skill level 4 in Spellcasting
   954 | D:2      | Found a snail-covered altar of Cheibriados.
  1404 | D:2      | Reached XP level 3. HP: 19/19 MP: 7/10
  1409 | D:2      | Learned a level 3 spell: Conjure Flame
  1413 | D:2      | Learned a level 3 spell: Inner Flame
  1989 | D:3      | Noticed Jessica
  1992 | D:3      | Killed Jessica
  2078 | D:3      | Reached XP level 4. HP: 21/24 MP: 0/12
  2095 | D:3      | Noticed Robin
  2151 | D:3      | Reached skill level 5 in Spellcasting
  2195 | D:3      | Killed Robin
  2201 | D:3      | HP: 1/24 [adder (2)]
  2202 | D:3      | Succumbed to an adder's poison

Vault maps used:
D:1:      dpeg_arrival_three_bigger_balls
D:2:      lemuel_round_altar, first_bread, minmay_hedge_maze,
          nrook_loot_triangle
D:3:      minivault_4, minivault_5, uniq_purgy, uniq_robin, uniq_jessica

Skill      XL: |  1  2  3  4 |
---------------+-------------+-----
Spellcasting   | 4 5 |  5.1
Conjurations   | 2 |  2.2
Fire Magic     | 4 |  4.0
Dodging        | |  2.4
Stealth        | |  2.4

Action                   |  1- 3 |  4- 6 || total
-------------------------+-------+-------++-------
Melee: Dagger            |    16 |    33 ||    49
 Cast: Flame Tongue      |    38 |    14 ||    52
       Throw Flame       |     4 |       ||     4
       Conjure Flame     |     2 |       ||     2
  Use: Scroll            |     9 |       ||     9
       Potion            |       |     2 ||     2
 Stab: Sleeping          |     1 |       ||     1
  Eat: Chunk             |     3 |       ||     3
Armor: Robe              |     4 |    11 ||    15
Dodge: Dodged            |    18 |    38 ||    56

Table legend:
 A = Spawn XP
 B = Non-spawn XP
 C = Spawn XP percentage of total XP
 D = Spawn monster count
 E = Non-spawn monster count
 F = Spawn count percentage of total count
 G = Total turns spent on level
                    A         B        C        D         E        F      G
               +---------+---------+-------+---------+---------+-------+---------
         Total |       0 |     141 |   0.0 |       0 |      35 |   0.0 |  2202
               +---------+---------+-------+---------+---------+-------+---------
           D:1 |       0 |      15 |   0.0 |       0 |       6 |   0.0 |   673
           D:2 |       0 |      32 |   0.0 |       0 |      11 |   0.0 |  1316
           D:3 |       0 |      94 |   0.0 |       0 |      18 |   0.0 |   213
               +---------+---------+-------+---------+---------+-------+---------
